 Dungeon Crawl Stone Soup version 0.26.1-11-gd32895ea62 (webtiles) character file.

Game seed: 17654010461613097036

36 Descartes the Vexing (level 3, -1/14 HPs)
             Began as a Felid Wanderer on May 1, 2021.
             Slain by an adder (3 damage)
             ... on level 1 of the Dungeon.
             The game lasted 00:04:47 (2123 turns).

Descartes the Vexing (Felid Wanderer)               Turns: 2123, Time: 00:04:47

Health: -1/14      AC:  1    Str:  9    XL:     3   Next: 19%
Magic:  9/9        EV: 17    Int: 13    God:
Gold:   137        SH:  0    Dex: 15    Spells: 7/10 levels left
                                        Lives:  0   Deaths: 0

rFire    . . .     SeeInvis +     - Unarmed
rCold    . . .     Faith    .   (shield unavailable)
rNeg     . . .     Spirit   .   (armour unavailable)
rPois    .         Reflect  .   (helmet unavailable)
rElec    .         Harm     .   (cloak unavailable)
rCorr    .         Rampage  .   (gloves unavailable)
Will     .....                  (boots unavailable)
Stlth    +++.......             (no amulet)
HPRegen  0.04/turn              (no ring)
MPRegen  0.11/turn              (no ring)

@: brilliant, lethally poisoned (-1 -> -7), quick
A: very small, no armour, no weapons or thrown items, stealth, claws 1, fangs 3,
see invisible, speed 1, shaggy fur 1, sharp paws
a: no special abilities


You were on level 1 of the Dungeon.
You visited 1 branch of the dungeon, and saw 2 of its levels.

You collected 137 gold pieces.

Inventory:

Missiles
 h - 16 arrows
 j - a stone
Jewellery
 f - an uncursed ring of protection from cold {unknown}
Scrolls
 a - a scroll of enchant armour {unknown}
 b - a scroll of teleportation
 d - a scroll of magic mapping {unknown}
 g - a scroll of fog {unknown}
 i - a scroll of identify {unknown}
Potions
 c - a potion of lignification
 k - a potion of degeneration {unknown}
 l - a potion of heal wounds {unknown}


   Skills:
 + Level 2.0 Dodging
 + Level 2.9 Stealth
 + Level 1.4 Unarmed Combat
 - Level 4.0 Spellcasting
 - Level 4.4 Hexes
 - Level 1.5 Translocations
 - Level 1.1 Evocations


You had 7 spell levels left.
You knew the following spells:

 Your Spells              Type           Power        Failure   Level
a - Magic Dart            Conj           12%          21%         1
b - Blink                 Tloc           N/A          17%         2

Your spell library contained the following spells:

 Spells                   Type           Power        Failure   Level
 Slow                     Hex            21%          5%          2
 Call Imp                 Summ           3%           30%         2
 Conjure Flame            Conj/Fire      3%           52%         3
 Mephitic Cloud           Conj/Pois/Air  3%           52%         3


Dungeon Overview and Level Annotations

Branches:
Dungeon (2/15)

Altars:

Annotations:
D:2 Terence


Innate Abilities, Weirdness & Mutations

You cannot wear armour.
You are incapable of wielding weapons or throwing items.
Your paws allow you to move quietly. (Stealth)
You have sharp claws.
You have razor-sharp teeth.
You have supernaturally acute eyesight. (SInv)
You cover ground quickly.
You are covered in fur. (AC +1)
Your sharp claws are effective at attacking unaware monsters.


Message History

The adder is severely wounded.
You feel sick. The adder misses you.
You closely miss the adder.
The adder is severely wounded.
The adder bites you but does no damage. The adder bites you.
* * * LOW HITPOINT WARNING * * *
You feel sick.
* * * LOW HITPOINT WARNING * * *
You feel sick.
You see here a +0 club.
* * * LOW HITPOINT WARNING * * *
You feel sick.
There is a stone staircase leading up here.
The adder barely misses you.
You climb upwards.
There is a stone staircase leading down here.
It was a potion of brilliance.
You feel clever all of a sudden. The adder bites you.
You die...
PPPP# #.# #.......##...#####...# ...P# #># #.......##...# #.### PP.P# #.# #.......##...# #.# # ...P# #.# #.......'....# ###.### PP.P#

#.# #.......###..###.....#
#..## #.#
#.#######.#..#........
..## #.#
#.........#..#.#.#...# ###
#.###########.#..#.#.#####
#.......S@)......#.#......
#############.##.#.#######
#.##.#.# # #.##.#.# ##
#....#.# #. ######.# #.
#.# #.
#######################.#
#.
#.......................#
#.


You could see an adder.

Vanquished Creatures
  An adder (D:2)
  A dart slug (D:2)
  A bat (D:2)
  A giant cockroach (D:2)
  6 goblins (D:1)
  7 hobgoblins
  2 kobolds
  2 rats (D:1)
21 creatures vanquished.

Notes
Turn   | Place    | Note
-------+----------+-------------------------------------------
     0 | D:1      | Descartes the Felid Wanderer began the quest for the Orb.
     0 | D:1      | Descartes set off with the following items: a scroll of
                  | teleportation, a potion of lignification; and the following
                  | spell memorised: Magic Dart; and the following spells
                  | available to memorise: Slow, Blink, Call Imp, Conjure
                  | Flame, Mephitic Cloud
     0 | D:1      | Reached XP level 1. HP: 7/7 MP: 6/6
   588 | D:1      | Reached skill level 1 in Dodging
   888 | D:1      | Reached XP level 2. HP: 11/11 MP: 8/8
   892 | D:1      | Learned a level 2 spell: Blink
  1124 | D:1      | Reached skill level 1 in Unarmed Combat
  1821 | D:2      | Reached XP level 3. HP: 14/14 MP: 9/9
  2089 | D:2      | Noticed Terence
  2123 | D:1      | Slain by an adder

Illustrated notes

Levels and vault maps discovered:
D:1:      co_arrival_random_square_maze, layout_basic, minmay_hedge_maze,
          minmay_liquid_box
D:2:      kennysheep_big_flooded_room, layout_loops_ring, uniq_terence

Skill      XL: |  1  2  3 |
---------------+----------+-----
Dodging        | 1 2 |  2.0
Stealth        | 2 |  2.9
Unarmed Combat | 1 |  1.4
Spellcasting   | |  4.0
Hexes          | |  4.4
Translocations | |  1.5
Evocations     | |  1.1

Action                   || total
-------------------------++-------
Melee: Unarmed           ||    73
       Bite              ||     4
 Cast: Magic Dart        ||     5
  Use: Potion            ||     1
 Stab: Sleeping          ||     4
Armor: Skin              ||     4
Dodge: Dodged            ||    49
